 Dungeon Crawl Stone Soup version 0.25-b1-46-gb8a1ec05df (webtiles) character file.

Game seed: 17119828281806988890

112 H0rd4k the Charlatan (level 5, -4/37 HPs)
             Began as a Human Artificer on June 9, 2020.
             Slain by a goblin
             ... wielding a +1 dagger of electrocution
             ... led by Robin
              (5 damage)
             ... on level 2 of the Dungeon.
             The game lasted 00:01:59 (2145 turns).

H0rd4k the Charlatan (Human Artificer)              Turns: 2145, Time: 00:01:59

Health: -4/37      AC:  3    Str: 13    XL:     5   Next: 16%
Magic:  8/8        EV: 12    Int: 11    God:
Gold:   80         SH:  0    Dex: 14    Spells: 4/4 levels left

rFire    . . .     SeeInvis .   k - +0 dagger (elec)
rCold    . . .     Gourm    .   (no shield)
rNeg     . . .     Faith    .   b - +0 leather armour
rPois    .         Spirit   .   (no helmet)
rElec    .         Reflect  .   (no cloak)
rCorr    .         Harm     .   (no gloves)
MR       .....                  (no boots)
Stlth    ++........             (no amulet)
HPRegen  0.12/turn              (no ring)
MPRegen  0.11/turn              (no ring)

@: no status effects
A: no striking features
a: no special abilities


You were on level 2 of the Dungeon.
You were not hungry.

You visited 1 branch of the dungeon, and saw 2 of its levels.

You collected 80 gold pieces.

Inventory:

Hand Weapons
 a - a +0 short sword
 k - a +0 dagger of electrocution (weapon)
Armour
 b - a +0 leather armour (worn)
Jewellery
 n - a cursed -4 ring of protection {unknown}
Wands
 c - a wand of flame (13)
 d - a wand of enslavement (14)
 e - a wand of random effects (15)
Scrolls
 g - a scroll of immolation {unknown}
 i - 2 scrolls of teleportation {unknown}
 o - a scroll of enchant weapon {unknown}
Potions
 h - a potion of degeneration {unknown}
 j - a potion of mutation {unknown}
 l - a potion of curing {unknown}
 m - a potion of heal wounds {unknown}
Comestibles
 f - 6 rations
 p - 3 chunks of flesh


   Skills:
 + Level 1.4 Fighting
 + Level 2.3 Short Blades
 + Level 1.6 Armour
 + Level 2.4 Dodging
 + Level 1.2 Stealth
 + Level 4.0 Evocations


You had 4 spell levels left.
You didn't know any spells.
Your spell library was empty.

Dungeon Overview and Level Annotations

Branches:
Dungeon (2/15)

Altars:
Gozag
Ru
The Shining One

Annotations:
D:2 Robin


Message History

The goblin hits you.
You hit the goblin.
The goblin is heavily wounded.
The goblin closely misses you. The hobgoblin completely misses you.
The goblin hits you with a +0 dagger. The goblin barely misses you.
There are monsters nearby!
You hit the goblin.
You kill the goblin!
Robin throws the goblin at you! The goblin misses you.
The hobgoblin misses you. The goblin hits you with a +0 dagger.
The goblin barely misses you.
You see here a +0 dagger.
The hobgoblin hits you but does no damage.
There is a large open door here.
The goblin hits you with a +1 dagger of electrocution.
You are electrocuted!!
Ouch! That really hurt!
* * * LOW HITPOINT WARNING * * *
The goblin hits you with a +1 dagger of electrocution.
You die...

#.........#
#..#..........#.#
###########
#...###..####.#.#
#.#.###..####.#.#
#.#..##..#......#
#.#......#....### ..
#.#..###.###### ...
#.#.<.......#
....##########''#####.#
..........#♣♣♣@.♣♣♣##.#
#.....!.g.#♣.g..).♣#..#
#.......gg#♣g####.♣#..#
#.........'gg####..'..#
#>......ggg..####..'..#
#.........#♣.####.♣##.#
###.........#♣......♣#..#
............#♣♣♣..♣♣♣####
............####''####


You could see 2 hobgoblins and 4 goblins.

Vanquished Creatures
  A quasit (D:2)
  3 adders (D:2)
  2 worms (D:2)
  2 dart slugs
  2 leopard geckos
  2 giant cockroaches
  6 goblins
  A hobgoblin (D:1)
  6 jackals
  5 kobolds
  A ball python (D:2)
  3 bats
  2 frilled lizards (D:1)
  7 rats
43 creatures vanquished.

Vanquished Creatures (others)
  A hobgoblin (D:2)
1 creature vanquished.

Grand Total: 44 creatures vanquished

Notes
Turn   | Place    | Note
-------+----------+-------------------------------------------
     0 | D:1      | H0rd4k the Human Artificer began the quest for the Orb.
     0 | D:1      | Reached XP level 1. HP: 15/15 MP: 3/3
   246 | D:1      | Reached XP level 2. HP: 15/21 MP: 4/4
   713 | D:1      | Reached XP level 3. HP: 16/26 MP: 5/5
  1271 | D:2      | Reached skill level 1 in Armour
  1295 | D:2      | Reached XP level 4. HP: 7/32 MP: 6/6
  1733 | D:2      | Found a sacrificial altar of Ru.
  1733 | D:2      | Found a glowing golden altar of the Shining One.
  1734 | D:2      | Found an opulent altar of Gozag.
  1765 | D:2      | Reached skill level 4 in Evocations
  1765 | D:2      | Reached XP level 5. HP: 23/37 MP: 6/8
  2134 | D:2      | Noticed Robin
  2142 | D:2      | HP: 1/37 [goblin/+1 dagger of electrocution[Robin] (20)]
  2145 | D:2      | Slain by a goblin

Illustrated notes

Levels and vault maps discovered:
D:1:      minmay_arrival_checkered_box, layout_rooms
D:2:      layout_basic, gammafunk_temple_overflow_claw,
          lemuel_coloured_pillars_altar, kennysheep_generic_room_6, uniq_robin

Skill      XL: |  1  2  3  4 |
---------------+-------------+-----
Armour         | 1 |  1.6
Short Blades   | 2 |  2.3
Evocations     | 4 |  4.0
Fighting       | |  1.4
Dodging        | |  2.4
Stealth        | |  1.2

Action                   |  1- 3 |  4- 6 || total
-------------------------+-------+-------++-------
Melee: Short sword       |    31 |       ||    31
       Dagger            |    81 |    51 ||   132
Evoke: Wand              |     3 |       ||     3
 Stab: Sleeping          |     2 |       ||     2
  Eat: Chunk             |     1 |     3 ||     4
Armor: Leather armour    |    33 |    13 ||    46
Dodge: Dodged            |    76 |    40 ||   116
